Map: Acropolis LE

Players

NjordSkall - Winner!

  • Race: Terran Terran
  • League: Master
  • Spawn Location: 5:00

Mez

  • Race: Terran Terran
  • League: Master
  • Spawn Location: 11:00

VOD

Have the link to the VOD?

Description

Time

  • Played on: Aug. 12, 2019, 10:17 a.m.
  • Length: 11:57
Show
View Real Time Build Order
Export as new Build Order

NjordSkall Terran - Winner!

Build Orders:  

Get SALT Encoding   

  12  0:00  SCV  
  13  0:12  SCV  
  14  0:16  Supply Depot  
  14  0:25  SCV  
  15  0:29  Refinery  
  15  0:38  SCV  
  16  0:45  Barracks  
  16  0:51  SCV  
  17  1:03  SCV  
  18  1:15  SCV  
  19  1:27  SCV  
  20  1:40  Command Center  
  20  1:47  Orbital Command  
  20  1:51  Reaper  
  21  2:02  Supply Depot  
  21  2:10  Factory  
  21  2:14  SCV  
  22  2:23  Reaper  
  22  2:26  SCV  
  24  2:34  Refinery  
  24  2:38  SCV  
  25  2:51  SCV  
  26  2:54  Hellion  
  26  2:55  Orbital Command  
  26  2:57  Reaper  
  29  3:02  Starport  
  29  3:04  SCV  
  30  3:16  Hellion, SCV  
  33  3:23  SCV  
  34  3:30  SCV  
  34  3:33  Supply Depot  
  35  3:34  Barracks Reactor  
  35  3:35  SCV  
  35  3:37  Factory Tech Lab  
  35  3:40  Starport Tech Lab  
  36  3:42  SCV  
  36  3:47  SCV  
  38  3:54  SCV  
  38  3:55  Supply Depot  
  39  3:58  Raven  
  41  4:03  SCV  
  41  4:07  SCV  
  43  4:13  Command Center, Marine x2  
  43  4:15  SCV  
  43  4:16  Refinery  
  46  4:18  Refinery  
  46  4:19  SCV  
  46  4:21  Supply Depot  
  47  4:27  SCV  
  47  4:28  Cyclone  
  51  4:31  SCV  
  52  4:39  SCV  
  52  4:43  SCV, Barracks  
  52  4:45  Barracks  
  53  4:49  Marine x2  
  53  4:50  Raven  
  53  4:51  SCV  
  58  4:58  SCV  
  59  5:06  Engineering Bay, SCV  
  60  5:07  Marine  
  60  5:08  Engineering Bay, Marine  
  60  5:12  SCV  
  63  5:15  Siege Tank  
  63  5:18  SCV  
  67  5:24  SCV  
  67  5:27  Marine x2  
  70  5:33  SCV, Supply Depot  
  58  5:50  SCV x2  
  58  5:52  Orbital Command  
  59  5:57  Marine x2  
  59  6:00  Barracks Tech Lab  
  59  6:01  Barracks Reactor  
  59  6:02  Terran Infantry Armor Level 1, Terran Infantry Weapons Level 1  
  59  6:03  SCV  
  62  6:06  SCV  
  62  6:08  Starport Reactor, Marine, Barracks x2  
  62  6:09  Stimpack, Siege Tank  
  67  6:14  Marine  
  67  6:15  SCV  
  67  6:16  Supply Depot  
  67  6:18  SCV  
  70  6:19  Marine, Supply Depot  
  70  6:25  SCV  
  72  6:26  Marine  
  72  6:27  SCV  
  72  6:31  SCV  
  75  6:35  Marine, Supply Depot  
  75  6:37  Marine  
  75  6:38  SCV, Armory  
  75  6:39  SCV  
  79  6:43  Siege Tank, SCV, Marine x3  
  82  6:59  Barracks Reactor, Marine x2  
  82  7:00  Barracks Reactor  
  85  7:01  SCV x2  
  85  7:03  Viking x2, Marine  
  85  7:04  Marine  
  92  7:09  Refinery  
  92  7:10  Marine, Refinery, SCV  
  92  7:11  Command Center  
  92  7:13  SCV  
  92  7:14  SCV  
  96  7:16  Marine  
  96  7:22  SCV, Marine x2  
  98  7:23  Siege Tank, Marine  
  98  7:25  SCV  
  98  7:26  SCV  
  98  7:28  Marine  
  107  7:34  SCV, Marine  
  109  7:38  Factory  
  109  7:39  Marine x4  
  109  7:40  SCV, Marine  
  109  7:41  Missile Turret  
  109  7:43  Medivac  
  117  7:51  Supply Depot  
  117  7:52  Supply Depot  
  117  7:54  Supply Depot x2  
  117  8:00  Terran Infantry Weapons Level 2  
  117  8:01  Missile Turret  
  117  8:03  Terran Infantry Armor Level 2  
  117  8:10  Combat Shield  
  117  8:12  Marine x3  
  117  8:13  Siege Tank, SCV x3, Marine x2, Medivac  
  117  8:16  Medivac  
  117  8:17  Marine  
  133  8:20  Supply Depot  
  133  8:21  Missile Turret  
  133  8:22  Marine x2  
  133  8:23  Factory Tech Lab  
  133  8:25  SCV  
  136  8:29  Marine  
  136  8:30  Marine x2  
  136  8:32  Sensor Tower  
  139  8:34  Marine x3  
  139  8:37  SCV x2  
  144  8:47  Viking x2  
  141  8:55  Sensor Tower  
  139  9:05  Marine x6  
  139  9:06  SCV, Marine  
  139  9:07  SCV x2  
  150  9:11  Terran Vehicle Weapons Level 1  
  150  9:13  Marine  
  150  9:14  Siege Tank, Marine  
  150  9:15  Missile Turret, Planetary Fortress  
  154  9:23  Marine x3  
  157  9:25  Siege Tank  
  160  9:33  Marine x2  
  160  9:34  Command Center  
  160  9:36  Missile Turret, Marine  
  160  9:37  Marine x3  
  166  9:40  Marine  
  167  9:46  Barracks  
  167  9:47  Barracks  
  167  9:49  SCV x3, Marine  
  167  9:50  Barracks  
  171  9:57  Marine  
  172  10:07  Supply Depot  
  172  10:08  Supply Depot  
  172  10:09  Supply Depot  
  172  10:14  Supply Depot  
  172  10:21  Supply Depot  
  172  10:24  Marine  
  172  10:28  Marine x5  
  172  10:29  Siege Tank x2, Marine, Medivac x2  
  172  10:30  Marine x2  
  172  10:34  Supply Depot  
  190  10:40  Barracks Reactor, Marine  
  190  10:41  Barracks Reactor  
  190  10:42  Marine  
  192  10:46  Marine  
  192  10:55  Marine  
  192  10:56  Marine x3  
  183  11:01  Siege Tank  
  186  11:07  Marine x6  
  186  11:08  Siege Tank  
  177  11:13  Marine  
  177  11:14  Marine x2  
  166  11:19  Marine  
  166  11:20  Marine x4  
  166  11:24  Marine  
  166  11:25  Marine  
  156  11:28  Marine x2  
  156  11:29  Marine x2  
  156  11:31  Marine x3  
Show
View Real Time Build Order
Export as new Build Order

Mez Terran 

Build Orders: Reaper Expand 

Get SALT Encoding   

  12  0:01  SCV  
  13  0:13  SCV  
  14  0:17  Supply Depot  
  14  0:26  SCV  
  15  0:38  SCV  
  15  0:40  Barracks  
  16  0:45  Refinery  
  16  0:51  SCV  
  17  1:03  SCV  
  18  1:15  SCV  
  19  1:29  Reaper, Orbital Command  
  20  1:42  Command Center  
  20  1:53  Supply Depot  
  20  1:56  SCV  
  20  2:01  Marine  
  21  2:07  Factory  
  22  2:13  Refinery, SCV  
  23  2:22  Bunker  
  23  2:23  Barracks Reactor  
  23  2:28  SCV  
  24  2:41  SCV  
  25  2:52  Factory Tech Lab  
  25  2:54  SCV  
  25  2:55  Orbital Command  
  26  2:59  Refinery, Starport  
  26  3:08  SCV  
  27  3:13  Marine x2  
  27  3:18  Cyclone  
  32  3:21  SCV  
  32  3:22  SCV  
  34  3:28  Supply Depot  
  34  3:32  Marine  
  34  3:33  SCV  
  34  3:34  Marine  
  36  3:37  SCV  
  36  3:40  Starport Tech Lab  
  38  3:45  SCV  
  39  3:57  SCV x2  
  39  3:59  Raven  
  43  4:03  Marine x2  
  43  4:05  Siege Tank  
  43  4:09  SCV x2  
  50  4:12  Supply Depot  
  50  4:21  SCV x2  
  52  4:28  Supply Depot  
  52  4:30  Marine  
  52  4:31  Marine  
  54  4:33  SCV  
  55  4:49  SCV  
  55  4:50  SCV  
  55  4:51  Raven, Siege Tank  
  62  5:01  SCV  
  62  5:02  SCV  
  62  5:03  Command Center  
  62  5:04  Supply Depot  
  62  5:06  Barracks x2  
  64  5:08  Marine x2  
  64  5:10  Supply Depot  
  66  5:14  Engineering Bay  
  66  5:16  Refinery  
  66  5:17  SCV  
  66  5:19  SCV  
  68  5:26  Marine x2  
  68  5:27  Siege Tank  
  73  5:30  Supply Depot  
  66  5:49  SCV, Marine x2  
  59  5:50  SCV  
  59  5:56  Raven  
  61  5:58  Barracks Reactor x2  
  61  5:59  Siege Tank  
  61  6:01  SCV  
  61  6:02  SCV  
  66  6:10  Supply Depot  
  66  6:12  Barracks  
  66  6:14  SCV x2, Barracks  
  68  6:21  Marine x2  
  68  6:23  Terran Infantry Weapons Level 1  
  68  6:24  Supply Depot  
  70  6:28  SCV x2  
  72  6:33  Supply Depot  
  72  6:34  Siege Tank, Marine x3  
  66  7:03  Barracks Reactor x2, Marine x4  
  66  7:04  SCV x2, Orbital Command  
  66  7:06  Siege Tank  
  75  7:10  Marine  
  75  7:12  Stimpack  
  75  7:14  Medivac x2  
  80  7:16  SCV x2  
  80  7:21  Marine x3  
  85  7:28  SCV x2  
  85  7:29  Marine x2  
  89  7:38  Marine  
  89  7:39  Engineering Bay, SCV, Marine x2  
  89  7:40  SCV x2, Armory  
  89  7:42  Marine x4  
  99  7:44  Refinery  
  99  7:45  Siege Tank, Factory  
  99  7:46  Marine, Medivac  
  99  7:49  Medivac  
  99  7:51  SCV  
  108  7:52  SCV  
  108  7:56  Refinery  
  109  8:02  Marine x6  
  109  8:03  Marine  
  118  8:15  Marine x2  
  118  8:19  Marine  
  118  8:20  Marine x4  
  118  8:22  Command Center, Marine x2  
  118  8:23  Siege Tank  
  118  8:24  Medivac  
  132  8:32  Marine  
  133  8:35  Terran Infantry Armor Level 1, Terran Infantry Weapons Level 2  
  131  8:47  Marine x2  
  133  8:53  Marine  
  133  8:54  Marine  
  133  8:56  Marine  
  133  8:57  Marine x3  
  133  8:59  Marine  
  129  9:04  Siege Tank  
  129  9:05  Marine x2, Factory Tech Lab  
  129  9:06  Medivac x2  
  130  9:10  Marine  
  130  9:11  Supply Depot  
  130  9:12  Marine, Supply Depot  
  130  9:13  Supply Depot  
  130  9:14  Marine  
  130  9:15  Missile Turret x2  
  133  9:18  Missile Turret  
  133  9:19  Missile Turret  
  133  9:26  Barracks  
  133  9:28  Barracks  
  133  9:29  Terran Vehicle Weapons Level 1  
  133  9:32  Marine x6, Barracks  
  139  9:44  Marine x3  
  142  9:46  Medivac  
  142  9:47  Medivac  
  142  9:50  Marine x2  
  148  10:02  SCV x2  
  148  10:03  Planetary Fortress  
  148  10:04  Sensor Tower x2  
  149  10:17  Marine  
  149  10:18  Marine x8  
  149  10:19  Siege Tank  
  161  10:31  Refinery x2  
  161  10:34  Siege Tank  
  161  10:35  Marine  
  121  11:01  Siege Tank, Marine  
  121  11:02  Marine x8  
  106  11:19  Marine x7  
  109  11:28  Marine x2  
  111  11:37  Marine  
Tags
 
Add a new tag
Caveats
  • Supply blocks, unpowered buildings, or Contaminate may cause inaccurate times.
  • Supply counts are checked every 10 seconds.